 Dungeon Crawl Stone Soup version 0.22-a0-480-g991dd4b (webtiles) character file.

81 KillYourself the Ruffian (level 4, -3/35 HPs)
             Began as a Draconian Transmuter on June 16, 2018.
             Was a Follower of Nemelex Xobeh.
             Slain by an orc warrior
             ... wielding a +0 hand axe
              (12 damage)
             ... on level 2 of the Dungeon.
             The game lasted 00:10:14 (1469 turns).

KillYourself the Ruffian (Draconian Transmuter)     Turns: 1469, Time: 00:10:15

Health: -3/35      AC:  5    Str: 14    XL:     4   Next: 20%
Magic:  7/7        EV: 11    Int: 13    God:    Nemelex Xobeh [*.....]
Gold:   54         SH:  3    Dex: 11    Spells: 6/7 levels left

rFire    . . .     SeeInvis .   f - +0 mace
rCold    . . .     Gourm    .   j - +0 buckler
rNeg     . . .     Faith    .   (armour unavailable)
rPois    .         Spirit   .   (helmet restricted)
rElec    .         Reflect  .   (no cloak)
rCorr    .         Harm     .   (no gloves)
MR       .....                  (no boots)
Stlth    +.........             (no amulet)
HPRegen  0.11/turn              (no ring)
MPRegen  0.10/turn              (no ring)

@: no status effects
A: unfitting armour, cold-blooded, AC +5
a: Renounce Religion


You were on level 2 of the Dungeon.
You worshipped Nemelex Xobeh.
Nemelex Xobeh was aware of your devotion.
You were not hungry.

You visited 1 branch of the dungeon, and saw 2 of its levels.

You collected 54 gold pieces.

Inventory:

Hand Weapons
 f - a +0 mace (weapon)
Missiles
 a - 30 arrows
Armour
 j - a +0 buckler (worn)
Scrolls
 d - a scroll of noise {unknown}
 e - a scroll of identify {unknown}
 h - a scroll of teleportation {unknown}
Potions
 b - 2 potions of curing
 g - a potion of magic {unknown}
 k - a potion of heal wounds {unknown}
 m - a potion of agility {unknown}
Comestibles
 c - 5 rations
 l - 3 chunks of flesh


   Skills:
 + Level 1.5 Fighting
 + Level 2.0 Dodging
 + Level 0.3 Stealth
 + Level 3.9 Unarmed Combat
 + Level 2.2 Spellcasting
 + Level 2.8 Transmutations
 + Level 0.6 Invocations


You had 6 spell levels left.
You knew the following spells:

 Your Spells              Type           Power        Failure   Level  Hunger
a - Beastly Appendage     Tmut           #.....       13%         1    ##.....

Your spell library contained the following spells:

 Spells                   Type           Power        Failure   Level  Hunger
 Spider Form              Tmut/Pois      #.........   56%         3    ####...
 Blade Hands              Tmut           #.........   98%         5    ######.
 Ice Form                 Ice/Tmut       #.......     92%         4    #####..
 Sticks to Snakes         Tmut           #.......     19%         2    ###....


Dungeon Overview and Level Annotations

Branches:
Dungeon (2/15)

Altars:
Nemelex Xobeh


Innate Abilities, Weirdness & Mutations

Your plain brown scales are hard. (AC +5)
You cannot fit into any form of body armour.
You are cold-blooded and may be slowed by cold attacks.


Message History

The orc warrior hits you with a hand axe.
The orc wizard casts a spell.
The orc wizard blinks!
The orc hits you but does no damage.
The orc warrior hits you with a hand axe.
* * * LOW HITPOINT WARNING * * *
Some of the chunks of flesh in your inventory have rotted away.
You barely miss the orc.
Your talons disappear.
The orc barely misses you.
You hit the orc.
The orc is severely wounded.
The orc hits you but does no damage.
You hit the orc warrior but do no damage.
You block the orc warrior's attack.
You closely miss the orc warrior.
Your tail-slap misses the orc warrior.
The orc warrior hits you but does no damage.
You hit the orc warrior but do no damage.
The orc warrior hits you with a hand axe!
You die...
Your body disappears without a glow.

##......####..{o
#(.....# #
#..)...#
#.....ยง###
........'.#
###......#.####
#......#..o.#
#......####o#
######## #@#
#........
#....?...
#.####### #..
###


You could see an orc warrior and an orc.

Vanquished Creatures
  2 adders (D:2)
  2 worms (D:2)
  3 dart slugs
  A leopard gecko (D:1)
  3 bats
  5 goblins
  2 hobgoblins (D:2)
  2 frilled lizards
  5 kobolds
  3 rats
28 creatures vanquished.

Vanquished Creatures (others)
  Terence (D:2)
1 creature vanquished.

Grand Total: 29 creatures vanquished

Notes
Turn   | Place    | Note
-------+----------+-------------------------------------------
     0 | D:1      | KillYourself the Draconian Transmuter began the quest for the Orb.
     0 | D:1      | Reached XP level 1. HP: 16/16 MP: 3/3
   180 | D:1      | Reached XP level 2. HP: 23/23 MP: 3/5
   276 | D:1      | Found a sparkling altar of Nemelex Xobeh.
   284 | D:1      | Became a worshipper of Nemelex Xobeh the Trickster
   409 | D:1      | Received a gift from Nemelex Xobeh
   817 | D:2      | Reached XP level 3. HP: 4/28 MP: 4/6
  1118 | D:2      | Reached * piety under Nemelex Xobeh
  1311 | D:2      | Noticed Terence
  1319 | D:2      | Killed Terence
  1319 | D:2      | Reached XP level 4. HP: 35/35 MP: 7/7
  1448 | D:2      | Noticed an orc warrior
  1469 | D:2      | Slain by an orc warrior

Vault maps used:
D:1:      dpeg_arrival_tiny_a, nemelex_altar_shiori
D:2:      good_gods_mini_temple, nicolae_underground_beach, uniq_terence

Skill      XL: |  1  2  3 |
---------------+----------+-----
Dodging        | 2 |  2.0
Fighting       | |  1.5
Stealth        | |  0.3
Unarmed Combat | |  3.9
Spellcasting   | |  2.2
Transmutations | |  2.8
Invocations    | |  0.6

Action                   |  1- 3 |  4- 6 || total
-------------------------+-------+-------++-------
Melee: Unarmed           |    88 |       ||    88
       Tailslap          |     6 |     2 ||     8
       Headbutt          |     2 |     2 ||     4
       Kick              |     4 |       ||     4
       Mace              |       |    25 ||    25
 Cast: Beastly Appendage |    14 |     2 ||    16
Evoke: Deck              |     8 |     1 ||     9
  Use: Potion            |     2 |       ||     2
  Eat: Chunk             |     2 |       ||     2
Armor: Skin              |    16 |    11 ||    27
Dodge: Dodged            |    49 |    16 ||    65
Block: Buckler           |       |     4 ||     4

Table legend:
 A = Spawn XP
 B = Non-spawn XP
 C = Spawn XP percentage of total XP
 D = Spawn monster count
 E = Non-spawn monster count
 F = Spawn count percentage of total count
 G = Total turns spent on level
                    A         B        C        D         E        F      G
               +---------+---------+-------+---------+---------+-------+---------
         Total |       0 |     117 |   0.0 |       0 |      29 |   0.0 |  1469
               +---------+---------+-------+---------+---------+-------+---------
           D:1 |       0 |      29 |   0.0 |       0 |      14 |   0.0 |   800
           D:2 |       0 |      88 |   0.0 |       0 |      15 |   0.0 |   669
               +---------+---------+-------+---------+---------+-------+---------
